 Dungeon Crawl Stone Soup version 0.18.1-48-g4cf74bf (webtiles) character file.

91 tagomago the Gusty (level 4, -5/24 HPs)
             Began as a Tengu Air Elementalist on July 20, 2016.
             Slain by a wight
             ... wielding a +0 halberd
              (11 damage)
             ... on level 2 of the Dungeon.
             The game lasted 00:07:10 (2030 turns).

tagomago the Gusty (Tengu Air Elementalist)         Turns: 2030, Time: 00:07:11

Health: -5/24      AC:  2    Str:  9    XL:     4   Next: 57%
Magic:  4/8        EV: 12    Int: 16    God:
Gold:   162        SH:  0    Dex: 14    Spells: 3 memorised, 2 levels left

rFire  . . .     SeeInvis .     m - +1 dagger (drain)
rCold  . . .     Gourm    .     a - +0 robe
rNeg   . . .     Faith    .     (no shield)
rPois  .         Spirit   .     (helmet restricted)
rElec  .         Dismiss  .     (no cloak)
rCorr  .         Reflect  .     (no gloves)
SustAt .         Harm     .     (boots unavailable)
MR     +....                    (no amulet)
Stlth  ++........               l - ring of wizardry
                                i - ring of protection from magic

@: swift, drained, quick, somewhat resistant to hostile enchantments, unstealthy
A: beak, talons 3
a: no special abilities


You were on level 2 of the Dungeon.
You were not hungry.

You visited 1 branch of the dungeon, and saw 2 of its levels.

You collected 162 gold pieces.

Inventory:

Hand Weapons
 m - a +1 dagger of draining (weapon)
 n - a +1 dagger of electrocution
Armour
 a - a +0 robe (worn)
Jewellery
 i - a ring of protection from magic (left hand)
 l - a ring of wizardry (right hand)
Scrolls
 f - a scroll of enchant weapon {unknown}
 g - a scroll of teleportation {unknown}
 j - a scroll of blinking {unknown}
 p - 2 scrolls of identify {unknown}
 r - a scroll of enchant armour {unknown}
 s - a scroll of recharging {unknown}
 t - a scroll of remove curse {unknown}
Potions
 e - a potion of invisibility {unknown}
 h - 2 potions of lignification {unknown}
 k - a potion of curing {unknown}
 q - a potion of might {unknown}
Books
 b - a book of Air

   Spells                             Type                      Level
   a - Shock                          Conjuration/Air              1
   b - Swiftness                      Charms/Air                   2
   c - Repel Missiles                 Charms/Air                   2
   d - Static Discharge               Conjuration/Air              3
   e - Lightning Bolt                 Conjuration/Air              5
Comestibles
 c - a bread ration
 d - 2 slices of pizza
 o - 3 fruits


   Skills:
 - Level 2.1(1.5) Dodging
 - Level 2.0(1.4) Stealth
 + Level 2.3(1.7) Spellcasting
 + Level 2.4(1.8) Conjurations
 + Level 6.1(5.5) Air Magic


You had 2 spell levels left.
You knew the following spells:

 Your Spells              Type           Power        Failure   Level  Hunger
a - Shock                 Conj/Air       ##..         2%          1    ##.....
b - Repel Missiles        Chrm/Air       ##....       4%          2    ###....
c - Swiftness             Chrm/Air       ##......     4%          2    ###....


Dungeon Overview and Level Annotations

Branches:
Dungeon (2/15)

Altars:


Innate Abilities, Weirdness & Mutations

You have a beak for a mouth.
You have claws for feet.


Message History

The wight appears unharmed.
Casting: Shock
Confirm with . or Enter, or press ? or * to list all spells.
Aiming: Shock
Press: ? - help, Shift-Dir - straight line, f/p - wight
Aim: a wight, wielding a halberd and wearing a robe (moderately damaged)
The zap misses the wight.
The zap hits the wight.
The wight is lightly damaged.
The zap hits the wight.
The wight appears unharmed.
The wight hits you from afar with a halberd!
Ouch! That really hurt!
* * * LOW HITPOINT WARNING * * *
You feel drained.
* * * LOW HITPOINT WARNING * * *
A wight comes into view. It is wielding an enchanted mace.
Casting: Shock
Confirm with . or Enter, or press ? or * to list all spells.
You feel quick.
The wight hits you from afar with a halberd!
You die...

..# ##########..##.
'## #.........†.##. .#
#.#########.##. .# #.#
#.##. .# #.# #.##. ##
#.#########.##. #
#.........#.##. #
################.#.##.
########## #..z.@....#
#.#.##. ..zz.....#
#.#######.######.#.##.
########.# #.#
#........#.... ....
#.###.# ##############
#### #.....# #######


You could see a wight.

Vanquished Creatures
  3 adders (D:2)
  2 worms (D:2)
  A dart slug (D:1)
  A giant gecko (D:2)
  7 bats
  3 giant cockroaches
  10 goblins
  4 hobgoblins
  4 jackals (D:1)
  A quokka (D:2)
  A ball python (D:1)
  3 giant newts
  7 kobolds
  5 rats
52 creatures vanquished.

Notes
Turn   | Place    | Note
--------------------------------------------------------------
     0 | D:1      | tagomago the Tengu Air Elementalist began the quest for the Orb.
     0 | D:1      | Reached XP level 1. HP: 10/10 MP: 4/4
    71 | D:1      | Reached XP level 2. HP: 6/15 MP: 1/6
   381 | D:1      | Reached skill level 5 in Air Magic
   493 | D:1      | Reached XP level 3. HP: 7/19 MP: 0/7
   680 | D:1      | Learned a level 2 spell: Repel Missiles
   683 | D:1      | Learned a level 2 spell: Swiftness
  1290 | D:2      | Reached XP level 4. HP: 19/24 MP: 5/8
  1579 | D:2      | Reached skill level 6 in Air Magic
  2030 | D:2      | Slain by a wight

Skill      XL: |  1  2  3  4 |
---------------+-------------+-----
Air Magic      | 5 6 |  6.1
Conjurations   | 2 |  2.4
Dodging        | |  2.1
Stealth        | |  2.0
Spellcasting   | |  2.3

Action                   |  1- 3 |  4- 6 || total
-------------------------+-------+-------++-------
Melee: Unarmed           |    23 |       ||    23
       Kick              |    10 |     1 ||    11
       Peck              |     4 |     1 ||     5
       Dagger            |    19 |    10 ||    29
 Cast: Shock             |    62 |    22 ||    84
       Swiftness         |       |     1 ||     1
 Stab: Sleeping          |     1 |     1 ||     2
  Eat: Chunk             |     2 |     2 ||     4
       Fruit             |       |     1 ||     1
Armor: Robe              |    10 |     1 ||    11
Dodge: Dodged            |    43 |     5 ||    48
